 Dungeon Crawl Stone Soup version 0.17-a0-964-gd3d8594 (webtiles) character file.

294 sugabear the Skirmisher (level 6, -1/39 HPs)
             Began as a Gargoyle Fighter on May 8, 2015.
             Was an Initiate of Dithmenos.
             Slain by an ogre
             ... wielding a +0 giant club
              (22 damage)
             ... on level 4 of the Dungeon.
             The game lasted 00:04:32 (3411 turns).

sugabear the Skirmisher (Gargoyle Fighter)          Turns: 3411, Time: 00:04:32

Health: -1/39      AC: 11    Str: 21    XL:     6   Next: 33%
Magic:  6/6        EV:  8    Int:  9    God:    Dithmenos [......]
Gold:   259        SH:  9    Dex:  9    Spells: 0 memorised, 5 levels left

rFire  . . .     SeeInvis .     r - +0 broad axe
rCold  . . .     Clarity  .     b - +0 scale mail
rNeg   + . .     SustAb   .     c - +0 shield
rPois  ∞         Gourm    .     (no helmet)
rElec  +         Spirit   .     (no cloak)
rCorr  .         Warding  .     (no gloves)
rMut   .         Stasis   .     (no boots)
MR     .....                    (no amulet)
Stlth  ..........               (no ring)
                                (no ring)

@: not resistant to hostile enchantments, extremely unstealthy
A: negative energy resistance 1, electricity resistance, unbreathing,
petrification resistance, rot immunity, AC +4
a: Renounce Religion


You were on level 4 of the Dungeon.
You worshipped Dithmenos.
Dithmenos was noncommittal.
You were not hungry.

You visited 2 branches of the dungeon, and saw 5 of its levels.

You collected 259 gold pieces.

Inventory:

Hand weapons
 p - a cursed -3 battleaxe
 r - a +0 broad axe (weapon)
Missiles
 t - 2 tomahawks of returning (quivered)
Armour
 b - a +0 scale mail (worn)
 c - a +0 shield (worn)
Jewellery
 i - an uncursed amulet of resist mutation {unknown}
 o - an uncursed amulet of guardian spirit {unknown}
Scrolls
 f - 6 scrolls of identify {unknown}
 g - a scroll of immolation {unknown}
 k - a scroll of enchant weapon {unknown}
 l - 2 scrolls of remove curse {unknown}
 s - a scroll of noise {unknown}
 u - a scroll of teleportation {unknown}
Potions
 a - a potion of resistance {unknown}
 d - a potion of might
 h - 2 potions of mutation {unknown}
 j - a potion of haste {unknown}
 n - a potion of curing {unknown}
 q - a potion of degeneration {unknown}
 v - a potion of cure mutation {unknown}
 x - a potion of agility {unknown}
Comestibles
 e - 3 bread rations
 m - 3 meat rations
 w - 4 fruits


   Skills:
 + Level 4.7 Fighting
 + Level 2.6 Axes
 + Level 4.4 Armour
 + Level 1.6 Dodging
 * Level 1.4 Stealth
 + Level 4.4 Shields


You had 5 spell levels left.
You didn't know any spells.

Dungeon Overview and Level Annotations

Branches:
Dungeon (4/15)             Temple (1/1) D:4

Altars:
Ashenzari
Cheibriados
Dithmenos
Elyvilon
Fedhas
Makhleb
Nemelex Xobeh
Trog
Zin
The Shining One


Innate Abilities, Weirdness & Mutations

You are resistant to torment.
Your stone body is resilient (AC +4).
You are immune to poison.
You resist negative energy.
You are resistant to electric shocks.
You can survive without breathing.
You are immune to petrification.
You are immune to rotting.


Message History

The giant cockroach closely misses you.
You hit the ogre.
The ogre is lightly wounded.
You hit the bat skeleton.
You destroy the bat skeleton!
Dithmenos accepts your kill.
You closely miss the giant cockroach. You closely miss the kobold.
The giant cockroach bites you but does no damage.
The ogre hits you with a giant club! You block the kobold's attack.
The giant cockroach bites you but does no damage.
The kobold hits you but does no damage.
You hit the ogre.
The ogre is moderately wounded.
You miss the kobold. You closely miss the giant cockroach.
You block the ogre's attack. The giant cockroach bites you.
The kobold hits you but does no damage.
The giant cockroach bites you but does no damage.
The ogre hits you with a giant club!!
Ouch! That really hurt!
You die...

..#####.....##........
............'.....>..
.....#....###........
#......# #........ #
##.#...###........ #..
#...#)#...#......
#...#####..#.#...#......
.
#.....O......#........#.
##..
.#....@.....#........#.
....
#...sK.....#........#.
....
#..........#..........
....
.............#..........
....
........##...####.......
.... .........
...####....... ....
......... ..............
#.## .........
#.#......##.# .
#............


You could see an ogre, a giant cockroach and a kobold.

Vanquished Creatures
  A hound (D:4)
  3 orc priests
  A giant frog skeleton (D:4)
  An orc wizard (D:3)
  A worker ant (D:3)
  2 adders (D:2)
  2 oozes
  A worm (D:3)
  3 giant geckos (D:1)
  8 orcs
  A ball python (D:4)
  5 bats
  A bat skeleton (D:4)
  3 giant cockroaches
  8 goblins
  2 hobgoblins
  4 jackals (D:4)
  5 kobolds
  A quokka (D:3)
  3 giant newts
  4 rats
60 creatures vanquished.

Notes
Turn   | Place    | Note
--------------------------------------------------------------
     0 | D:1      | sugabear, the Gargoyle Fighter, began the quest for the Orb.
     0 | D:1      | Reached XP level 1. HP: 14/14 MP: 1/1
   378 | D:1      | Reached XP level 2. HP: 19/19 MP: 2/2
  1017 | D:2      | Found a snail-covered altar of Cheibriados.
  1101 | D:2      | Reached XP level 3. HP: 24/24 MP: 3/3
  1750 | D:3      | Found a glowing silver altar of Zin.
  1805 | D:3      | Reached skill level 4 in Fighting
  1805 | D:3      | Reached XP level 4. HP: 18/29 MP: 4/4
  1895 | D:2      | Reached skill level 1 in Dodging
  1895 | D:2      | Reached XP level 5. HP: 4/33 MP: 5/5
  2685 | D:3      | Reached skill level 1 in Stealth
  3027 | D:4      | Reached XP level 6. HP: 24/39 MP: 6/6
  3182 | D:4      | Found a staircase to the Ecumenical Temple.
  3196 | Temple   | Entered the Ecumenical Temple
  3274 | Temple   | Became a worshipper of Dithmenos the Shadowed
  3405 | D:4      | Noticed an ogre
  3411 | D:4      | Slain by an ogre

Action                   |  1- 3 |  4- 6 || total
-------------------------+-------+-------++-------
Melee: War axe           |   102 |    43 ||   145
       Broad axe         |       |    70 ||    70
  Eat: Chunk             |     2 |     6 ||     8
